 Dungeon Crawl Stone Soup version 0.30.0-18-gc0e69614cb (webtiles) character file.

Game seed: 10085345954489558647

366 foggy the Cudgeller (level 6, -4/56 HPs)
             Began as a Minotaur Fighter on May 24, 2023.
             Slain by an orc priest
             ... wielding a +0 mace
              (5 damage)
             ... on level 4 of the Dungeon.
             The game lasted 00:09:26 (2084 turns).

foggy the Cudgeller (Minotaur Fighter)              Turns: 2084, Time: 00:09:26

Health: -4/56      AC:  9    Str: 23    XL:     6   Next: 40%
Magic:  5/5        EV: 10    Int:  5    God:
Gold:   256        SH:  4    Dex:  9    Spells: 5/5 levels left

rFire   + . .        a - +0 flail
rCold   . . .        c - +0 buckler
rNeg    . . .        h - +2 scale mail of Cynicism {rPois rF+}
rPois   +            (helmet restricted)
rElec   .            (no cloak)
rCorr   .            (no gloves)
SInv    .            (no boots)
Will    .....        (no amulet) Stlth
                     (no ring)
HPRegen 0.29/turn    (no ring)
MPRegen 0.09/turn

%: no passive effects
@: no status effects
A: horns 2, retaliatory headbutt
a: no special abilities


You were on level 4 of the Dungeon.
You visited 1 branch of the dungeon, and saw 4 of its levels.

You collected 298 gold pieces.
You spent 42 gold pieces at shops.

Inventory:

Hand Weapons
 a - a +0 flail (weapon)
Armour
 c - a +0 buckler (worn)
 g - a +0 plate armour
 h - the +2 scale mail of Cynicism (worn) {rPois rF+}
   (You found it on level 3 of the Dungeon)

   rF:        It protects you from fire.
   rPois:     It protects you from poison.
Jewellery
 n - a ring of ice
Scrolls
 b - 2 scrolls of teleportation
 i - 2 scrolls of identify {unknown}
Potions
 d - a potion of might
 e - a potion of haste {unknown}
 f - a potion of mutation {unknown}
 k - a potion of heal wounds
 l - 3 potions of curing
 m - a potion of cancellation {unknown}


   Skills:
 + Level 5.0 Fighting
 + Level 5.6 Maces & Flails
 + Level 5.0 Armour
 + Level 1.4 Dodging
 + Level 4.7 Shields


You had 5 spell levels left.
You didn't know any spells.
Your spell library was empty.

Dungeon Overview and Level Annotations

Branches:
Dungeon (4/15)
 Temple: D:4-7

Altars:
Dithmenos
Sif Muna
Yredelemnul

Shops:
D:1 =   D:2 ?   D:4 =


Innate Abilities, Weirdness & Mutations

You have a pair of horns on your head.
You reflexively headbutt those who attack you in melee.


Message History

You barely miss the orc.
The orc priest mumbles some strange prayers to Beogh against you.
Beogh smites you!
* * * LOW HITPOINT WARNING * * *
The orc hits you with a +0 war axe!
* * * LOW HITPOINT WARNING * * *
You hear a shout!
You feel much better. You block the orc's attack.
You hit the orc but do no damage. The orc barely misses you.
A ball python comes into view.
You hit the orc.
The orc is severely wounded.
The orc closely misses you. You furiously retaliate!
You headbutt the orc.
You kill the orc!
The orc closely misses you.
Items here: )) [[ †.
You hit the orc.
The orc is heavily wounded.
The orc barely misses you.
You hit the orc. Your headbutt misses the orc.
The orc is almost dead.
The orc hits you with a +0 hand axe.
You sock the orc!
You kill the orc!
You completely miss the orc priest. Your headbutt misses the orc priest.
The orc priest closely misses you.
You barely miss the orc priest.
The orc priest hits you with a +0 mace. x2
You sock the orc priest! Your headbutt misses the orc priest.
The orc priest is almost dead.
The orc priest hits you with a +0 mace.
* * * LOW HITPOINT WARNING * * *
You barely miss the orc priest. Your headbutt misses the orc priest.
The orc priest is almost dead.
The orc priest mumbles some strange prayers to Beogh against you.
Beogh smites you!
* * * LOW HITPOINT WARNING * * *
You barely miss the orc priest.
The orc priest is almost dead.
The orc priest hits you with a +0 mace.
You die...

#.#..(.##
........#####
##........>.##
.##.#######..#
..#...## #..# '####..#
#..# ..#.##.## #..#
..)).'..# #..#########
.)#)##..# #.....@og..#
'####...###<######S#.#
..#.........# #
.##.###.#####
##..###.# .....##.#
.###.##.# .# #.##.#
.###.##.#


You could see an orc priest, a goblin and a ball python.

Vanquished Creatures
  Grinder (D:3)
  An orc priest (D:4)
  Jessica (D:3)
  2 adders
  2 worms (D:2)
  2 dart slugs
  6 orcs
  5 endoplasms
  A giant cockroach (D:3)
  14 goblins
  12 hobgoblins
  5 jackals (D:2)
  3 quokkas
  4 ball pythons
  4 bats
  3 frilled lizards
  8 kobolds
  9 rats
83 creatures vanquished.

Notes
Turn   | Place    | Note
-------+----------+-------------------------------------------
     0 | D:1      | foggy the Minotaur Fighter began the quest for the Orb.
     0 | D:1      | Reached XP level 1. HP: 19/19 MP: 0/0
    88 | D:1      | Reached XP level 2. HP: 27/27 MP: 1/1
   192 | D:1      | Found Nuwuah's Jewellery Emporium.
   362 | D:1      | Found a faded altar of an unknown god.
   527 | D:1      | Reached XP level 3. HP: 34/34 MP: 2/2
   838 | D:2      | Found Atseler's Magic Scroll Shoppe.
   848 | D:2      | Bought a scroll of teleportation for 42 gold pieces
   998 | D:2      | Reached XP level 4. HP: 38/41 MP: 3/3
  1409 | D:3      | Reached skill level 1 in Dodging
  1424 | D:3      | Found a basalt altar of Yredelemnul.
  1424 | D:3      | Identified the +2 scale mail of Cynicism {rPois rF+}
  1444 | D:3      | Found a shimmering blue altar of Sif Muna.
  1444 | D:3      | Found a shadowy altar of Dithmenos.
  1448 | D:3      | Noticed Jessica
  1463 | D:3      | Killed Jessica
  1527 | D:3      | Noticed Grinder
  1545 | D:3      | Paralysed by Grinder for 4 turns
  1555 | D:3      | Killed Grinder
  1556 | D:3      | Reached skill level 5 in Maces & Flails
  1556 | D:3      | Reached XP level 5. HP: 17/47 MP: 4/4
  1556 | D:3      | Reached XP level 6. HP: 20/55 MP: 5/5
  1939 | D:4      | Found Koadikhle's Jewellery Shop.
  2020 | D:4      | Reached skill level 5 in Armour
  2030 | D:4      | Reached skill level 5 in Fighting
  2083 | D:4      | HP: 1/56 [orc priest/divine providence (16)]
  2084 | D:4      | Slain by an orc priest

Illustrated notes

Levels and vault maps discovered:
D:1:      dpeg_arrival_tiny_g, layout_basic, ebering_ecumenical_altar_petrified,
          serial_shops, nicolae_shop_tiny_real_fake_doors, minmay_fountain_box,
          minmay_misc_feat_diagonals, wander_ebering_terrifying_dragon_lair
D:2:      layout_rooms, serial_shops, nicolae_shop_crystal
D:3:      layout_rooms, chequers_temple_overflow_statue_of_worship,
          solitary_fountain, uniq_jessica, uniq_grinder
D:4:      cheibrodos_greedy_goblins, layout_loops_ring, serial_shops, shop,
          kennysheep_small_spiral

Skill      XL: |  1  2  3  4  5  6 |
---------------+-------------------+-----
Fighting       | 4 5 |  5.0
Maces & Flails | 3 5 |  5.6
Armour         | 4 5 |  5.0
Shields        | 4 |  4.7
Dodging        | 1 |  1.4

Action                     |  1- 3 |  4- 6 || total
---------------------------+-------+-------++-------
  Melee: Flail             |    88 |    94 ||   182
         Headbutt          |     8 |    14 ||    22
    Use: Scroll            |     1 |       ||     1
         Potion            |       |     2 ||     2
 Armour: Scale mail        |    17 |    15 ||    32
         Chain mail        |    50 |    27 ||    77
  Dodge: Dodged            |    54 |    51 ||   105
  Block: Buckler           |    24 |    23 ||    47
